 Dungeon Crawl Stone Soup version 0.24.1-8-ga250c9d538 (webtiles) character file.

Game seed: 5104703422901923098, levelgen mode: deterministic

315 Lemonice the Firebug (level 6, -3/48 HPs)
             Began as a Draconian Fire Elementalist on Apr 30, 2020.
             Shot with an arrow by a centaur (11 damage)
             ... on level 4 of the Dungeon.
             The game lasted 00:09:57 (2531 turns).

Lemonice the Firebug (Draconian Fire Elementalist)  Turns: 2531, Time: 00:09:58

Health: -3/48      AC:  6    Str: 12    XL:     6   Next: 20%
Magic:  2/10       EV: 13    Int: 15    God:
Gold:   177        SH:  0    Dex: 14    Spells: 6/10 levels left

rFire    . . .     SeeInvis .   f - +0 spear
rCold    . . .     Gourm    .   (no shield)
rNeg     . . .     Faith    .   (armour unavailable)
rPois    .         Spirit   .   (helmet restricted)
rElec    .         Reflect  .   (no cloak)
rCorr    +         Harm     .   (no gloves)
MR       .....     Rnd*Tele +   (no boots)
Stlth    ++........             (no amulet)
HPRegen  0.16/turn              i - ring of resist corrosion
MPRegen  0.12/turn              (no ring)

@: flying
A: unfitting armour, agile 1, teleportitis 1, cold-blooded, MP-powered wands, AC
+6
a: no special abilities


You were on level 4 of the Dungeon.
You were hungry.

You visited 1 branch of the dungeon, and saw 4 of its levels.

You collected 177 gold pieces.

Inventory:

Hand Weapons
 f - a +0 spear (weapon)
Missiles
 g - 3 boomerangs (quivered)
Jewellery
 i - a ring of resist corrosion (left hand)
 m - an uncursed ring of resist corrosion
Wands
 d - a wand of enslavement (6)
 k - a wand of flame (9)
Scrolls
 a - 3 scrolls of fog {unknown}
 c - 2 scrolls of identify {unknown}
 h - a scroll of blinking {unknown}
 j - a scroll of teleportation {unknown}
 l - a scroll of enchant armour {unknown}
 n - a scroll of immolation {unknown}
 o - a scroll of remove curse {unknown}
 p - a scroll of fear {unknown}
 s - a scroll of magic mapping {unknown}
Potions
 e - a potion of brilliance
 q - a potion of flight
Comestibles
 b - 4 rations


   Skills:
 + Level 2.3 Fighting
 + Level 0.9 Polearms
 + Level 2.8 Dodging
 - Level 1.7 Stealth
 + Level 2.9 Spellcasting
 + Level 2.5 Conjurations
 * Level 4.7 Fire Magic


You had 6 spell levels left.
You knew the following spells:

 Your Spells              Type           Power        Failure   Level  Hunger
a - Flame Tongue          Conj/Fire      ##...        4%          1    #......
b - Conjure Flame         Conj/Fire      ##......     14%         3    ###....

Your spell library contained the following spells:

 Spells                   Type           Power        Failure   Level  Hunger
 Throw Flame              Conj/Fire      ##....       7%          2    ##.....
 Inner Flame              Hex/Fire       #.......     22%         3    ###....
 Sticky Flame             Conj/Fire      ##......     41%         4    #####..
 Fireball                 Conj/Fire      ##........   77%         5    ######.


Dungeon Overview and Level Annotations

Branches:
Dungeon (4/15)
 Temple: D:4-7

Altars:
Cheibriados


Innate Abilities, Weirdness & Mutations

Your plain brown scales are hard. (AC +6)
You cannot fit into any form of body armour.
You are cold-blooded and may be slowed by cold attacks.
You are agile. (Dex +2)
You are occasionally teleported next to monsters.
You expend magic power (3 MP) to strengthen your wands.


Message History

The centaur is moderately wounded.
The centaur shoots an arrow.
The arrow hits you!
Casting: Flame Tongue (safe; 4% risk of failure)
Confirm with . or Enter, or press ? or * to list all spells.
Aiming: Flame Tongue (safe; 4% risk of failure)
Press: ? - help, Shift-Dir - straight line, f/p - centaur
Aim: a centaur, wielding a +0 shortbow (moderately wounded)
The flame tongue hits the centaur!
The centaur is severely wounded.
The centaur shoots an arrow.
The arrow hits you!
* * * LOW HITPOINT WARNING * * *
Casting: Flame Tongue (safe; 4% risk of failure)
Confirm with . or Enter, or press ? or * to list all spells.
Aiming: Flame Tongue (safe; 4% risk of failure)
Press: ? - help, Shift-Dir - straight line, f/p - centaur
Aim: a centaur, wielding a +0 shortbow (severely wounded)
The flame tongue hits the centaur.
The centaur is almost dead.
The centaur shoots an arrow.
The arrow hits you!
You die...

.........#
......)..#
........l#
.?#####{{# ##a#
#c# #.# #)#
#@## ######
#..# #....#
##.###.##.###
#.>...##...#
##########.#
####.......##.#
..............#
#.<.....##
#....##.#


You could see a centaur, a worker ant and a frilled lizard.

Vanquished Creatures
  A sky beast (D:2)
  A hound (D:3)
  A worker ant (D:4)
  An orc wizard (D:4)
  Robin (D:2)
  6 gnolls
  2 adders (D:3)
  A worm (D:2)
  5 leopard geckos
  An orc (D:3)
  3 bats
  2 giant cockroaches
  11 goblins
  9 hobgoblins
  2 jackals (D:3)
  4 quokkas
  2 frilled lizards
  6 kobolds
  2 rats
61 creatures vanquished.

Vanquished Creatures (others)
  An orc wizard (D:4)
1 creature vanquished.

Grand Total: 62 creatures vanquished

Notes
Turn   | Place    | Note
-------+----------+-------------------------------------------
     0 | D:1      | Lemonice the Draconian Fire Elementalist began the quest
                  | for the Orb.
     0 | D:1      | Reached XP level 1. HP: 14/14 MP: 3/3
   294 | D:1      | Reached XP level 2. HP: 22/22 MP: 1/5
   782 | D:2      | Reached XP level 3. HP: 27/27 MP: 2/6
   789 | D:2      | Reached skill level 1 in Fighting
   854 | D:1      | Learned a level 3 spell: Conjure Flame
   976 | D:2      | Noticed Robin
  1294 | D:2      | Noticed a sky beast
  1332 | D:2      | Gained mutation: You are agile. (Dex +2) [potion of
                  | mutation]
  1332 | D:2      | Gained mutation: You are occasionally teleported next to
                  | monsters. [potion of mutation]
  1332 | D:2      | Gained mutation: Your muscles are strong. (Str +2) [potion
                  | of mutation]
  1333 | D:2      | Lost mutation: Your muscles are strong. (Str +2) [potion of
                  | mutation]
  1333 | D:2      | Gained mutation: You expend magic power (3 MP) to
                  | strengthen your wands. [potion of mutation]
  1346 | D:2      | Killed a sky beast
  1346 | D:2      | Reached skill level 4 in Fire Magic
  1346 | D:2      | Reached XP level 4. HP: 8/36 MP: 0/8
  1346 | D:2      | Reached XP level 5. HP: 9/41 MP: 0/9
  1749 | D:2      | Killed Robin
  2206 | D:3      | Reached XP level 6. HP: 46/48 MP: 6/10
  2215 | D:3      | Found a snail-covered altar of Cheibriados.
  2531 | D:4      | Shot with an arrow by a centaur

Levels and vault maps discovered:
D:1:      dpeg_arrival_boxes_within_box, layout_rooms
D:2:      layout_rooms, uniq_robin
D:3:      layout_rooms, cheibriados_altar_1
D:4:      wad_river_or_something, layout_basic, serial_shops, shop,
          minmay_circle_x

Skill      XL: |  1  2  3  4  5 |
---------------+----------------+-----
Dodging        | 2 |  2.8
Fighting       | 1 2 |  2.3
Conjurations   | 2 |  2.5
Fire Magic     | 4 |  4.7
Polearms       | |  0.9
Stealth        | |  1.7
Spellcasting   | |  2.9

Action                   |  1- 3 |  4- 6 || total
-------------------------+-------+-------++-------
Melee: Unarmed           |    38 |       ||    38
       Tailslap          |     2 |     2 ||     4
       Spear             |       |    23 ||    23
Throw: Boomerang         |     6 |       ||     6
 Cast: Flame Tongue      |    50 |    62 ||   112
       Conjure Flame     |     2 |       ||     2
Evoke: Wand              |     5 |       ||     5
  Use: Potion            |     5 |     2 ||     7
 Stab: Sleeping          |       |     1 ||     1
  Eat: Chunk             |     2 |     4 ||     6
Armor: Skin              |    16 |    32 ||    48
Dodge: Dodged            |    41 |    56 ||    97
